 Dungeon Crawl Stone Soup version 0.31-a0-369-g8eba5f6939 (webtiles) character file.

Game seed: 6908052089182869749

107 CraigForest the Digger (level 5, 0/35 HPs)
             Began as a Formicid Earth Elementalist on July 28, 2023.
             Slain by a scorpion (4 damage)
             ... on level 3 of the Dungeon.
             The game lasted 00:19:55 (1968 turns).

CraigForest the Digger (FoEE)                       Turns: 1968, Time: 00:19:55

Health: 0/35       AC:  5    Str: 12    XL:     5   Next: 10%
Magic:  5/10       EV: 11    Int: 15    God:
Gold:   92         SH:  0    Dex: 16    Spells: 1/10 levels left

rFire   . . .        q - +5 rapier of Beyond {holy, rElec rPois}
rCold   . . .        (no shield)
rNeg    . . .        i - +0 ring mail
rPois   +            (helmet unavailable)
rElec   +            (no cloak)
rCorr   .            (no gloves)
SInv    +            (no boots)
Will    .....        (no amulet)
Stlth   ++           (no ring)
HPRegen 0.25/turn    (no ring)
MPRegen 0.12/turn

%: no passive effects
@: no status effects
A: permanent stasis, dig shafts and tunnels, antennae 3, four strong arms,
subdued magic 1
a: Dig, Shaft Self


You were on level 3 of the Dungeon.
You visited 1 branch of the dungeon, and saw 3 of its levels.

You collected 92 gold pieces.

Inventory:

Hand Weapons
 e - a +0 falchion
 f - a +0 dagger
 g - a +0 sling
 l - a +2 mace of protection
 q - the +5 rapier of Beyond (weapon) {holy, rElec rPois}
   (You found it on level 3 of the Dungeon)

   rElec:     It insulates you from electricity.
   rPois:     It protects you from poison.
 s - a +1 falchion of holy wrath
Armour
 a - a +0 robe
 i - a +0 ring mail (worn)
Talismans
 j - a serpent talisman
 r - a maw talisman
Scrolls
 c - a scroll of blinking {unknown}
 h - 2 scrolls of teleportation
 k - 4 scrolls of silence {unknown}
 n - a scroll of identify
 p - a scroll of revelation {unknown}
Potions
 b - a potion of magic
 d - a potion of ambrosia
 m - a potion of might {unknown}
 o - a potion of berserk rage {unknown}


   Skills:
 + Level 0.1 Fighting
 + Level 0.5 Short Blades
 * Level 0.9 Armour
 + Level 2.1 Dodging
 + Level 2.7 Stealth
 + Level 3.3 Spellcasting
 + Level 1.1 Transmutations
 * Level 0.2 Ice Magic
 + Level 5.0 Earth Magic


You had one spell level left.
You knew the following spells:

 Your Spells              Type           Power      Damage    Failure   Level
a - Sandblast             Erth           26%        2d8       4%          1
b - Stone Arrow           Conj/Erth      14%        3d7       38%         3
c - Passwall              Tmut/Erth      6%         N/A       16%         2
d - Ozocubu's Armour      Ice            2%         N/A       73%         3

Your spell library contained the following spells:

 Spells                   Type           Power      Damage    Failure   Level
 Petrify                  Tmut/Erth      8%         N/A       73%         4
 Ozocubu's Refrigeration  Ice            1%         4d7       100%        7


Dungeon Overview and Level Annotations

Branches:
Dungeon (3/15)

Altars:


Innate Abilities, Weirdness & Mutations

You cannot be hasted, slowed, berserked, paralysed or teleported.
You can dig through walls and to a lower floor.
You have a pair of large antennae on your head. (SInv)
Your four strong arms can wield two-handed weapons with a shield.
Your spells are a little easier to cast, but a little less powerful.


Message History

Press: ? - help, Q - select action, (/) - cycle Shift-Dir - straight line, f/p - scorpion
Aim: a scorpion (heavily wounded, 82% to hit)
The blast of sand hits the scorpion.
The scorpion is severely wounded.
You feel sick. The orc closely misses you.
The scorpion stings you but does no damage.
The orc hits you with a +0 morningstar. The orc hits you with a +0 dagger.
The scorpion stings you but does no damage.
Aiming: Sandblast (safe; 4% risk of failure)
Press: ? - help, Q - select action, (/) - cycle Shift-Dir - straight line, f/p - scorpion
Aim: a scorpion (severely wounded, 82% to hit)
The blast of sand hits the scorpion but does no damage.
The scorpion is severely wounded.
You feel sick.
The scorpion stings you but does no damage.
Aiming: Sandblast (safe; 4% risk of failure)
Press: ? - help, Q - select action, (/) - cycle Shift-Dir - straight line, f/p - scorpion
Aim: a scorpion (severely wounded, 82% to hit)
The blast of sand hits the scorpion.
The scorpion is almost dead.
You feel sick.
You are no longer poisoned.
The scorpion stings you.
* * * LOW HITPOINT WARNING * * *
The orc barely misses you.
The scorpion stings you but does no damage.
The orc hits you but does no damage. The orc barely misses you.
Aiming: Sandblast (safe; 4% risk of failure)
Press: ? - help, Q - select action, (/) - cycle Shift-Dir - straight line, f/p - scorpion
Aim: a scorpion (almost dead, 82% to hit)
Okay, then.
You extend your mandibles.
Unknown command.
Are you sure you want to shaft yourself?
The scorpion barely misses you. The orc hits you with a +0 dagger.
* * * LOW HITPOINT WARNING * * *
The orc closely misses you.
You begin to dig a shaft.
You continue digging a shaft.
The scorpion stings you.
You die...

#............###.##...
#####'###.....†..####.
#.# ##.......# #.
########.# #......)#
#. .........#
#.....).# #.
#######..#
#.......####< #..#
#............ #..#
#######...... #o@#
#...... #os# #......
#oK# #...... #.o#
#...... .!......#,
#.##### #####.... #.
#..##., # #..# ## #..#


You could see a scorpion, 4 orcs and a kobold.

Vanquished Creatures
  3 adders (D:2)
  A worm (D:2)
  A dart slug (D:1)
  7 orcs (D:3)
  5 ball pythons
  7 endoplasms
  4 giant cockroaches
  6 goblins
  3 hobgoblins (D:1)
  6 jackals (D:1)
  3 kobolds
  2 quokkas (D:1)
  6 bats
  2 frilled lizards
  3 rats
59 creatures vanquished.

Notes
Turn   | Place    | Note
-------+----------+-------------------------------------------
     0 | D:1      | CraigForest the Formicid Earth Elementalist began the quest
                  | for the Orb.
     0 | D:1      | Reached XP level 1. HP: 13/13 MP: 3/3
     8 | D:1      | Noticed an electric eel
    56 | D:1      | Reached skill level 4 in Earth Magic
    94 | D:1      | Reached XP level 2. HP: 19/19 MP: 0/5
   424 | D:1      | Reached XP level 3. HP: 24/24 MP: 2/6
   470 | D:1      | Found a faded altar of an unknown god.
  1076 | D:2      | Reached XP level 4. HP: 28/30 MP: 5/8
  1239 | D:2      | Learned a level 3 spell: Stone Arrow
  1242 | D:2      | Learned a level 2 spell: Passwall
  1397 | D:2      | Gained mutation: Your spells are a little easier to cast,
                  | but a little less powerful. [potion of mutation]
  1606 | D:3      | Learned a level 3 spell: Ozocubu's Armour
  1627 | D:3      | Reached skill level 5 in Earth Magic
  1627 | D:3      | Reached XP level 5. HP: 35/35 MP: 7/9
  1719 | D:3      | Identified the +5 rapier of Beyond {holy, rElec rPois}
  1968 | D:3      | Slain by a scorpion

Illustrated notes

Levels and vault maps discovered:
D:1:      arrival_aquarium_a, layout_basic, shapermc_ecumenical_altar_venn,
          minmay_strange_pillars
D:2:      layout_rooms
D:3:      layout_basic, st_stairs_8, kennysheep_generic_room_14

Skill      XL: |  1  2  3  4 |
---------------+-------------+-----
Earth Magic    | 4 5 |  5.0
Dodging        | 2 |  2.1
Spellcasting   | 3 |  3.3
Fighting       | |  0.1
Short Blades   | |  0.5
Armour         | |  0.9
Stealth        | |  2.7
Transmutations | |  1.1
Ice Magic      | |  0.2

Action                     |  1- 3 |  4- 6 || total
---------------------------+-------+-------++-------
  Melee: Unarmed           |     2 |       ||     2
         Dagger            |    16 |    19 ||    35
         Falchion          |       |     2 ||     2
         Rapier            |       |    13 ||    13
   Cast: Sandblast         |    38 |    31 ||    69
Ability: Dig               |       |     1 ||     1
         Shaft Self        |       |     1 ||     1
    Use: Scroll            |       |     3 ||     3
         Potion            |       |     1 ||     1
   Stab: Sleeping          |     1 |     2 ||     3
 Armour: Robe              |     2 |       ||     2
         Ring mail         |     4 |    31 ||    35
  Dodge: Dodged            |    19 |    42 ||    61

Table legend: (Time is in decaauts)
 A = Elapsed time spent in this place.
 B = Non-inter-level travel time spent in this place.
 C = Inter-level travel time spent in this place.
 D = Time resting spent in this place.
 E = Time spent auto-exploring this place.
 F = Levels seen in this place.
 G = Mean time per level.
                   A        B        C        D        E       F      G
               +--------+--------+--------+--------+--------+-----+--------+
         Total |   2003 |   1574 |    429 |      0 |   1039 |   3 |  667.7 |
       Dungeon |   2003 |   1574 |    429 |      0 |   1039 |   3 |  667.7 |
               +--------+--------+--------+--------+--------+-----+--------+

Top non-repeatable levels by time:
     D:1: 1028 daAuts
     D:2: 501 daAuts
     D:3: 473 daAuts
